Map: [ESL] Tropical Sacrifice

Players

Scarlett

  • Race: Zerg Zerg
  • Spawn Location: 7:00

LiquidClem (Clem) - Winner!

  • Race: Terran Terran
  • League: Grandmaster
  • Spawn Location: 1:00

Event: HomeStory Cup XXII

VOD

Have the link to the VOD?

Description

Time

  • Played on: Dec. 17, 2022, 2:16 p.m.
  • Length: 16:30

All games in this series

Show
View Real Time Build Order
Export as new Build Order

Scarlett Zerg 

Build Orders: Hatch First 

Get SALT Encoding   

  12  0:00  Drone  
  13  0:12  Overlord  
  13  0:17  Drone  
  14  0:30  Drone x2  
  16  0:49  Hatchery  
  15  0:51  Drone  
  15  0:55  Drone  
  17  0:59  Drone  
  18  1:09  Extractor  
  17  1:14  Spawning Pool  
  17  1:17  Drone  
  17  1:20  Drone  
  18  1:28  Drone  
  19  1:38  Drone  
  20  1:49  Drone  
  21  2:01  Queen x2  
  21  2:02  Zergling x2  
  21  2:05  Zergling x2  
  27  2:12  Drone, Overlord  
  28  2:22  Hatchery  
  27  2:26  Drone  
  28  2:36  Drone x3  
  30  2:40  Queen  
  32  2:45  Metabolic Boost  
  32  2:50  Overlord  
  32  2:55  Drone x2  
  34  3:02  Drone  
  35  3:08  Overlord  
  35  3:10  Drone x2  
  37  3:16  Queen  
  37  3:19  Drone x2  
  41  3:21  Drone x2  
  43  3:31  Queen  
  43  3:33  Drone  
  46  3:38  Zergling x6  
  49  3:42  Zergling x8  
  53  3:49  Drone  
  53  3:50  Drone  
  53  3:51  Drone x2  
  53  3:52  Overlord  
  57  4:03  Overlord  
  57  4:11  Drone x4  
  57  4:12  Queen  
  57  4:13  Overlord  
  57  4:14  Queen  
  65  4:24  Drone x6  
  65  4:29  Spore Crawler  
  70  4:33  Spore Crawler  
  70  4:37  Overlord  
  69  4:43  Zergling x2  
  69  4:44  Zergling x6  
  68  4:46  Drone, Overlord  
  68  4:50  Evolution Chamber  
  68  4:51  Evolution Chamber  
  67  4:58  Drone x6  
  73  5:06  Drone x3  
  71  5:09  Drone  
  71  5:10  Drone  
  73  5:16  Zerg Ground Armor Level 1  
  73  5:19  Zerg Melee Weapons Level 1  
  73  5:20  Drone, Hatchery  
  73  5:22  Drone  
  73  5:23  Drone  
  73  5:27  Drone  
  73  5:28  Drone x4  
  80  5:30  Extractor  
  80  5:31  Lair  
  79  5:37  Drone x5  
  79  5:40  Overlord, Extractor x2  
  82  5:44  Queen  
  82  5:45  Overlord  
  84  5:50  Drone x3  
  84  5:55  Baneling Nest  
  86  5:58  Drone  
  86  5:59  Drone, Hatchery  
  87  6:05  Zergling x12  
  93  6:12  Zergling x8  
  97  6:22  Drone x9  
  106  6:28  Zergling x6  
  109  6:33  Overlord x2  
  109  6:34  Zergling x4  
  109  6:38  Centrifugal Hooks  
  113  6:40  Overseer, Pneumatized Carapace  
  113  6:41  Zergling x2  
  113  6:42  Zergling x2  
  113  6:46  Zergling x4  
  117  6:50  Zergling x2  
  117  6:51  Overlord x4  
  117  6:54  Overlord x2  
  116  7:07  Zergling x2  
  116  7:08  Zergling x14  
  124  7:13  Zerg Ground Armor Level 2  
  124  7:14  Zerg Melee Weapons Level 2  
  122  7:22  Zergling x16  
  130  7:23  Zergling x2  
  131  7:31  Zergling x12  
  131  7:35  Zergling x2  
  131  7:36  Zergling x10  
  143  7:43  Zergling x10  
  148  7:44  Baneling x15  
  147  7:52  Overlord  
  147  7:53  Zergling x12, Overlord  
  147  7:54  Zergling x4  
  152  7:59  Zergling x8  
  152  8:01  Baneling  
  152  8:02  Baneling x7, Hatchery  
  152  8:03  Burrow  
  152  8:04  Zergling x2  
  156  8:12  Zergling x18  
  161  8:22  Zergling x12  
  161  8:23  Baneling x8  
  161  8:26  Zergling x4  
  167  8:33  Zergling x8  
  169  8:41  Zergling x14  
  172  8:42  Baneling  
  172  8:43  Baneling x4  
  172  8:46  Zergling x2  
  173  8:50  Zergling x8  
  173  8:52  Zergling x10  
  182  9:00  Zergling x2  
  182  9:01  Zergling x6  
  186  9:04  Zergling x8  
  182  9:13  Zergling x8  
  182  9:14  Zergling x4  
  169  9:18  Zergling x14  
  176  9:27  Drone  
  176  9:28  Zergling x14  
  178  9:31  Spore Crawler  
  178  9:37  Zergling x12  
  177  9:44  Zergling x8  
  173  9:50  Zergling x6  
  173  9:52  Zergling x2  
  166  9:56  Zergling x8  
  166  9:58  Baneling x8  
  158  10:02  Zergling x6  
  158  10:05  Zergling x4, Queen  
  164  10:14  Zergling x8  
  164  10:17  Baneling x20  
  164  10:18  Baneling x16  
  164  10:19  Zergling x4  
  164  10:21  Zergling x2  
  170  10:24  Zergling x2  
  170  10:25  Zergling x6  
  159  10:40  Hatchery  
  159  10:41  Zergling x2  
  159  10:42  Zergling x30  
  167  10:44  Baneling x13  
  137  11:00  Zergling x2  
  137  11:01  Zergling x20  
  126  11:05  Zergling x8  
  126  11:09  Zergling x14  
  131  11:13  Queen x2  
  131  11:15  Zergling x2  
  127  11:19  Hatchery  
  127  11:21  Zergling x8  
  125  11:27  Baneling x10  
  125  11:28  Zergling x4, Baneling x9  
  125  11:31  Zergling x6  
  129  11:33  Hatchery  
  129  11:34  Zergling x6  
  129  11:35  Baneling  
  129  11:36  Baneling x2  
  129  11:38  Zergling x8  
  135  11:41  Baneling x2  
  135  11:45  Extractor  
  134  11:48  Drone  
  134  11:49  Drone x6  
  139  11:54  Zergling x10  
  139  11:56  Baneling x5  
  143  12:05  Zergling x22  
  151  12:12  Zergling x10  
  151  12:15  Overseer  
  144  12:16  Overseer  
  140  12:28  Drone x3  
  140  12:29  Drone x3  
  146  12:30  Zergling x14  
  146  12:34  Zergling x10  
  158  12:40  Zergling x12  
  158  12:57  Zergling x16  
  133  13:02  Zergling x12  
  133  13:03  Zergling x14, Baneling x7  
  133  13:04  Baneling x10  
  135  13:07  Zergling x18  
  135  13:08  Baneling  
  135  13:09  Baneling x12  
  142  13:15  Zergling x14  
  148  13:22  Zergling x10  
  144  13:28  Zergling x2  
  144  13:29  Zergling x16  
  144  13:32  Overseer  
  139  13:34  Zergling x14  
  139  13:39  Zergling x8  
  139  13:41  Baneling x4  
  139  13:42  Zergling x2, Baneling x4  
  141  13:48  Zergling x14  
  147  13:59  Drone x11  
  156  14:15  Hatchery  
  146  14:18  Drone x2  
  146  14:20  Infestation Pit  
  146  14:21  Hatchery  
  146  14:26  Zergling x22  
  152  14:35  Zergling x16  
  152  14:36  Zergling x2  
  149  14:39  Zergling x8  
  152  14:54  Zergling x2  
  152  14:56  Hive  
  152  14:57  Zergling x30  
  168  15:00  Overseer  
  168  15:01  Overseer x2  
  168  15:06  Zergling x12  
  174  15:08  Baneling x6  
  173  15:17  Zergling x14  
  173  15:18  Zergling x4  
  166  15:27  Zergling x22  
  140  15:45  Zergling x22  
  140  15:46  Zergling x8  
  141  15:59  Drone x2  
  143  16:07  Hatchery  
  143  16:08  Drone x6  
  143  16:10  Baneling x3  
  146  16:20  Spore Crawler  
Show
View Real Time Build Order
Export as new Build Order

LiquidClem Terran - Winner!

Build Orders: Liberator Opening, Reaper Expand 

Get SALT Encoding   

  12  0:00  SCV  
  13  0:12  SCV  
  14  0:17  Supply Depot  
  14  0:24  SCV  
  15  0:38  SCV  
  15  0:40  Barracks  
  16  0:46  Refinery  
  16  0:51  SCV  
  17  1:03  SCV  
  18  1:15  SCV  
  19  1:27  Orbital Command  
  19  1:28  Reaper  
  20  1:41  Command Center  
  20  1:48  Supply Depot  
  20  1:53  SCV  
  21  2:00  Marine  
  22  2:05  SCV  
  23  2:12  Factory  
  23  2:19  SCV  
  23  2:20  Refinery  
  24  2:22  Barracks Reactor  
  24  2:31  SCV  
  25  2:43  SCV  
  26  2:53  Orbital Command  
  26  2:55  SCV  
  27  2:59  Starport  
  29  3:05  Hellion  
  29  3:06  Hellion  
  29  3:07  SCV  
  29  3:11  Barracks Tech Lab  
  32  3:19  SCV x2  
  36  3:27  Hellion x2  
  36  3:31  SCV, Marine  
  36  3:32  SCV  
  41  3:35  Liberator  
  41  3:39  Supply Depot  
  44  3:43  Stimpack  
  44  3:44  SCV x2  
  46  4:01  SCV x2, Hellion x2  
  52  4:03  Supply Depot  
  52  4:13  SCV x2  
  54  4:20  Command Center  
  54  4:25  SCV x2, Marine  
  54  4:27  Supply Depot  
  57  4:37  SCV x2  
  59  4:40  Factory Reactor  
  59  4:43  Marine  
  58  4:48  Barracks  
  58  4:49  SCV  
  58  4:50  Supply Depot, SCV  
  58  4:51  Barracks  
  60  4:57  Engineering Bay x2  
  60  5:00  Marine  
  60  5:01  SCV  
  60  5:02  SCV  
  58  5:10  Refinery x2  
  58  5:13  SCV  
  58  5:14  SCV  
  51  5:18  Marine  
  52  5:24  Barracks, Factory Reactor  
  52  5:25  Barracks, Terran Infantry Weapons Level 1, SCV  
  52  5:26  SCV  
  52  5:28  Combat Shield  
  54  5:32  Orbital Command  
  54  5:35  Terran Infantry Armor Level 1  
  54  5:36  Marine x3  
  54  5:39  SCV  
  54  5:41  SCV  
  59  5:52  SCV, Orbital Command, Marine x2  
  59  5:53  SCV  
  59  5:54  Marine x3  
  66  6:03  Medivac  
  66  6:04  SCV, Medivac  
  70  6:05  SCV  
  70  6:07  Supply Depot  
  70  6:09  Factory Tech Lab  
  70  6:10  Marine x2  
  74  6:11  Marine  
  74  6:12  Barracks Reactor  
  74  6:13  Barracks Reactor, Marine  
  74  6:16  SCV  
  74  6:17  SCV  
  74  6:18  SCV  
  80  6:21  Armory  
  80  6:25  Supply Depot  
  80  6:28  SCV, Marine x2  
  80  6:29  SCV, Siege Tank  
  80  6:30  SCV  
  87  6:37  Marine  
  87  6:38  Marine  
  87  6:39  Medivac x2  
  93  6:40  SCV, Marine  
  93  6:43  Supply Depot  
  93  6:44  SCV x2  
  93  6:45  Bunker  
  93  6:46  Marine  
  98  6:47  Marine  
  98  6:50  Marine x3  
  98  6:52  SCV  
  98  6:54  Factory  
  103  6:58  SCV, Marine  
  105  7:05  SCV  
  105  7:06  Marine x3  
  105  7:07  Marine  
  110  7:08  Command Center  
  110  7:10  Supply Depot  
  110  7:12  Siege Tank  
  110  7:14  SCV  
  115  7:15  Marine  
  115  7:16  Marine  
  115  7:19  Refinery, Marine  
  115  7:21  Refinery  
  115  7:22  Terran Infantry Weapons Level 2  
  117  7:31  Marine x6  
  117  7:36  Medivac  
  125  7:37  Supply Depot  
  125  7:40  Marine  
  125  7:41  Marine  
  125  7:43  Factory Reactor  
  125  7:44  Drilling Claws  
  125  7:54  Marine  
  125  7:55  Supply Depot  
  125  7:57  Supply Depot, Sensor Tower  
  125  7:58  Medivac, Marine x2  
  125  7:59  Widow Mine  
  125  8:02  Marine x4  
  131  8:07  Terran Infantry Armor Level 2  
  131  8:08  Terran Vehicle And Ship Armor Level 1, Marine x2  
  131  8:11  Marine  
  132  8:16  Supply Depot, SCV, Marine  
  132  8:17  SCV x2  
  131  8:21  Marine  
  131  8:24  Medivac, Widow Mine x3  
  139  8:32  SCV x2  
  139  8:34  SCV  
  141  8:35  Marine  
  141  8:36  Marine  
  141  8:37  Marine x4  
  141  8:39  Marine  
  141  8:40  Marine  
  149  8:43  Marine  
  149  8:45  Widow Mine x2  
  149  8:47  SCV  
  155  8:50  SCV  
  155  8:53  Marine  
  155  8:54  Marine  
  155  8:55  Marine  
  159  8:56  Marine  
  159  8:57  Marine x3  
  159  8:58  Marine  
  159  8:59  SCV  
  159  9:00  SCV  
  159  9:02  SCV  
  167  9:04  Marine  
  167  9:08  Medivac x2  
  170  9:10  Widow Mine  
  170  9:12  Marine x2  
  170  9:16  SCV  
  161  9:17  Marine  
  161  9:18  Widow Mine  
  164  9:25  Widow Mine  
  164  9:29  Marine x2  
  168  9:34  Widow Mine, Marine  
  168  9:35  Marine  
  172  9:42  Marine  
  172  9:43  Command Center, SCV  
  172  9:46  Marine  
  172  9:47  Widow Mine, Marine  
  172  9:50  SCV, Marine  
  172  9:51  Widow Mine  
  169  9:56  Widow Mine  
  169  9:57  SCV  
  162  10:00  Marine x6  
  162  10:06  Marine x2  
  168  10:09  Widow Mine  
  168  10:12  Command Center, Widow Mine  
  172  10:20  Supply Depot x2  
  172  10:22  Barracks  
  172  10:23  Barracks x2  
  172  10:26  SCV, Marauder  
  166  10:30  Terran Infantry Weapons Level 3  
  166  10:32  Widow Mine  
  166  10:33  Marine  
  161  10:36  Marine  
  161  10:39  Marine  
  161  10:40  Marine  
  154  10:42  Supply Depot  
  154  10:45  Widow Mine  
  154  10:46  Marine  
  154  10:48  Marine  
  155  10:51  Widow Mine  
  155  10:53  Widow Mine  
  155  10:55  Medivac  
  151  10:59  Marine x2  
  151  11:00  SCV, Marine x4  
  127  11:04  SCV x2  
  127  11:09  Marine x2  
  124  11:12  SCV  
  124  11:16  SCV x2  
  124  11:18  Widow Mine  
  117  11:19  Marine x7  
  117  11:24  SCV  
  121  11:31  Orbital Command  
  121  11:36  SCV x2  
  121  11:38  SCV  
  124  11:43  Widow Mine  
  124  11:44  Widow Mine  
  128  11:48  Widow Mine  
  128  11:49  SCV  
  128  11:53  Marine x2  
  133  11:55  SCV x2  
  133  11:58  Marine x2  
  133  11:59  Marine  
  138  12:01  SCV  
  138  12:03  Marine x2  
  138  12:04  Widow Mine  
  138  12:06  Widow Mine  
  140  12:09  Medivac, Widow Mine  
  140  12:12  Marine  
  140  12:13  Marine  
  135  12:15  SCV  
  135  12:16  SCV, Marine  
  135  12:17  SCV x2  
  135  12:20  Sensor Tower  
  135  12:26  Widow Mine  
  135  12:27  Marine x2  
  135  12:29  SCV  
  141  12:32  Widow Mine, Marine x2  
  141  12:35  Marine x2  
  141  12:36  Widow Mine  
  148  12:37  Marine  
  148  12:39  Marine  
  150  12:45  Terran Infantry Armor Level 3  
  150  12:49  Widow Mine  
  143  12:53  Widow Mine, Marine  
  143  12:54  Marine x3  
  142  13:02  SCV x4  
  128  13:07  Widow Mine, Marine  
  128  13:12  Planetary Fortress  
  129  13:14  SCV x4  
  132  13:21  Marauder, Marine  
  132  13:25  Marine  
  132  13:26  SCV x2  
  126  13:30  Medivac  
  126  13:31  Marine  
  126  13:33  Marine  
  126  13:34  Marine  
  118  13:36  SCV  
  118  13:38  SCV, Widow Mine  
  116  13:44  SCV  
  116  13:45  SCV  
  116  13:46  Marine x2  
  120  13:50  Widow Mine  
  120  13:52  Marine x2  
  120  13:55  Widow Mine  
  124  13:56  Barracks Tech Lab x3  
  124  13:59  SCV, Widow Mine  
  125  14:08  Marine  
  125  14:09  Marine x2  
  127  14:11  Marine  
  127  14:12  Widow Mine  
  127  14:13  SCV  
  127  14:15  Marauder  
  127  14:16  Widow Mine  
  124  14:18  Liberator x2  
  124  14:21  Widow Mine, Marauder  
  124  14:22  Marine  
  135  14:26  Marine x2  
  135  14:27  Marine  
  135  14:28  Marauder  
  140  14:32  Marauder  
  140  14:33  Marine x2  
  140  14:37  SCV, Marauder  
  143  14:41  Widow Mine, Marine x2  
  143  14:45  SCV x2  
  149  14:46  Marauder, Marine  
  149  14:48  Marine  
  149  14:49  Marine  
  154  14:55  Widow Mine  
  154  14:57  Marauder x2, Marine  
  154  14:58  Marauder  
  163  15:02  Widow Mine  
  165  15:07  Liberator x2  
  165  15:12  Marauder, Marine  
  174  15:16  Widow Mine  
  174  15:18  Marauder  
  167  15:22  Widow Mine  
  167  15:23  Marauder x2  
  167  15:28  Widow Mine  
  165  15:31  Command Center  
  165  15:33  Marauder  
  165  15:35  Marine x2  
  169  15:36  Marine  
  169  15:39  Marauder  
  169  15:42  Widow Mine  
  169  15:50  Medivac  
  169  15:51  Marauder x2  
  169  15:55  Marauder  
  179  15:57  Widow Mine  
  179  16:00  Medivac  
  179  16:01  Marauder  
  179  16:02  Widow Mine  
Tags
 
Add a new tag
Caveats
  • Supply blocks, unpowered buildings, or Contaminate may cause inaccurate times.
  • Supply counts are checked every 10 seconds.